 Dungeon Crawl Stone Soup version 0.24-a0-291-g79c1ce7 (webtiles) character file.

Game seed: 15920617580613436543

1912 galech the Chopper (level 8, -1/61 HPs)
             Began as a Demonspawn Fighter on May 9, 2019.
             Slain by an orc warrior
             ... wielding a +0 hand axe
              (8 damage)
             ... on level 7 of the Dungeon.
             The game lasted 00:08:26 (6266 turns).

galech the Chopper (Demonspawn Fighter)             Turns: 6266, Time: 00:08:26

Health: -1/61      AC: 16    Str: 16    XL:     8   Next: 95%
Magic:  8/8        EV: 12    Int: 11    God:
Gold:   345        SH: 10    Dex: 18    Spells: 7/7 levels left

rFire    . . .     SeeInvis .   a - +0 war axe
rCold    . . .     Gourm    .   c - +0 shield
rNeg     . . .     Faith    .   C - +1 scale mail of Pleasant Breezes {MR+ Dex+4}
rPois    .         Spirit   .   (no helmet)
rElec    .         Reflect  .   u - +2 cloak
rCorr    .         Harm     .   (no gloves)
MR       +....                  g - +0 pair of boots
Stlth    ..........             G - amulet of the acrobat
HPRegen  0.20/turn              v - +4 ring of protection
MPRegen  0.11/turn              (no ring)

@: no status effects
A: claws 1, repulsion field 2
a: no special abilities


You were on level 7 of the Dungeon.
You were not hungry.

You visited 2 branches of the dungeon, and saw 8 of its levels.
You also visited: Sewer.

You collected 345 gold pieces.

Inventory:

Hand Weapons
 a - a +0 war axe (weapon)
 E - a +3 falchion of flaming
Armour
 c - a +0 shield (worn)
 g - a +0 pair of boots (worn)
 u - a +2 cloak (worn)
 C - the +1 scale mail of Pleasant Breezes (worn) {MR+ Dex+4}
   (You found it on level 5 of the Dungeon)

   It affects your dexterity (+4).
   It affects your resistance to hostile enchantments.
Jewellery
 v - a +4 ring of protection (left claw)
 G - an amulet of the acrobat (around neck)
Wands
 h - a wand of acid (7)
 y - a wand of clouds (8)
Scrolls
 j - 3 scrolls of teleportation
 l - 3 scrolls of remove curse
 m - 2 scrolls of enchant armour
 q - a scroll of noise
 r - a scroll of amnesia
 z - 2 scrolls of enchant weapon
 D - a scroll of fog {unknown}
 F - a scroll of blinking
Potions
 d - 2 potions of flight {unknown}
 e - a potion of berserk rage {unknown}
 i - 3 potions of curing
 k - 2 potions of resistance {unknown}
 n - a potion of ambrosia {unknown}
 o - 4 potions of heal wounds {unknown}
 p - a potion of lignification {unknown}
 s - a potion of cancellation {unknown}
 t - a potion of agility {unknown}
 A - a potion of degeneration {unknown}
 B - a potion of magic {unknown}
Comestibles
 b - 20 chunks of flesh
 f - 12 rations


   Skills:
 + Level 4.8 Fighting
 + Level 7.3 Axes
 + Level 4.5 Armour
 + Level 3.0 Dodging
 + Level 0.6 Stealth
 + Level 5.6 Shields


You had 7 spell levels left.
You didn't know any spells.
Your spell library was empty.

Dungeon Overview and Level Annotations

Branches:
Dungeon (7/15)             Temple (1/1) D:5

Altars:
Ashenzari
Cheibriados
Dithmenos
Elyvilon
Fedhas
Gozag
Kikubaaqudgha
Makhleb
Nemelex Xobeh
Ru
Sif Muna
Trog
Uskayaw
Vehumet
Wu Jian
Xom
Yredelemnul
Zin
The Shining One


Innate Abilities, Weirdness & Mutations

You have sharp fingernails.
You are surrounded by a moderate repulsion field. (EV +3)


Message History

You slash the orc!
You kill the orc!
You hit the orc warrior.
The orc wizard looks encouraged for a moment.
The orc warrior closely misses you. You block the orc wizard's attack.
You completely miss the orc wizard.
The orc wizard is lightly wounded.
You hit the orc warrior but do no damage.
The orc warrior hits you with a +0 hand axe!
* * * LOW HITPOINT WARNING * * *
The orc wizard points at you and mumbles some strange words.
The puff of flame hits you but does no damage.
You block the orc warrior's attack.
Your shield prevents you from hitting the orc wizard.
The orc wizard is lightly wounded.
You hit the orc warrior but do no damage.
The orc wizard hits you but does no damage.
The orc wizard misses you.
The orc warrior hits you with a +0 hand axe!
You die...

***..##........#........,,***,,,,
**...........#........,,* *,,,,
**##........#........,,***,,,,
######.........#........,,,,,,,,,
#........%...(..........,,,*,*,*,
#.#.###................$,,**,,_,,
#...###.................,,****,**
##..?>.........Zo.......,,* *,*
......#......###@)......,,****,*
##.........#.###.o......,,,,,,,*
.##.###.##..............,,*,,,**
....).(.................,,,,***
##.........(...$........,,,******
........(######.........,,,,,,,,,
.##....[(# **..#.....>.,,,,,,,,,
,*#.(..)<# **..##.......,,,,,,,,,
**##.....#*#..#***##*,,***,,,,,,,


You could see an orc warrior, an orc wizard and a centaur zombie.

Vanquished Creatures
  Sigmund (D:6)
  An orc warrior (D:7)
  A black bear (D:7)
  3 ogres
  A centaur (D:7)
  A big kobold (Sewer)
  2 bullfrogs
  3 killer bees (D:6)
  A crimson imp (D:5)
  A quasit (D:6)
  A jelly (D:6)
  4 orc priests
  A bullfrog skeleton (D:5)
  A centaur skeleton (D:6)
  2 hounds
  5 orc wizards
  An iguana (D:5)
  6 worker ants
  A hound skeleton (D:5)
  4 gnolls (D:5)
  6 adders
  3 river rats
  An adder zombie (D:6)
  An adder skeleton (D:5)
  8 worms
  2 dart slugs (D:1)
  5 leopard geckos
  23 orcs
  3 ball pythons
  3 giant cockroaches
  5 goblins
  7 hobgoblins
  12 jackals
  3 quokkas
  6 bats
  7 frilled lizards
  13 kobolds
  13 rats
162 creatures vanquished.

Notes
Turn   | Place    | Note
-------+----------+-------------------------------------------
     0 | D:1      | galech the Demonspawn Fighter began the quest for the Orb.
     0 | D:1      | Reached XP level 1. HP: 18/18 MP: 1/1
   102 | D:1      | Gained mutation: You are surrounded by a mild repulsion
                  | field. (EV +2) [demonic ancestry]
   102 | D:1      | Reached XP level 2. HP: 24/24 MP: 2/2
   144 | D:1      | Reached skill level 2 in Axes
   369 | D:1      | Gained mutation: You are surrounded by a moderate repulsion
                  | field. (EV +3) [demonic ancestry]
   369 | D:1      | Reached XP level 3. HP: 29/29 MP: 3/3
  2273 | D:3      | Reached skill level 3 in Axes
  2273 | D:3      | Reached XP level 4. HP: 32/35 MP: 4/4
  2299 | D:3      | Found a sacrificial altar of Ru.
  2415 | D:4      | Found a basalt altar of Yredelemnul.
  2604 | D:4      | Found a snail-covered altar of Cheibriados.
  2851 | D:4      | Reached skill level 1 in Dodging
  2864 | D:4      | Reached XP level 5. HP: 6/41 MP: 5/5
  2864 | D:4      | HP: 2/41 [orc priest/+0 falchion (4)]
  3190 | D:4      | Found a sparkling altar of Nemelex Xobeh.
  3423 | D:4      | Found a bloodstained altar of Trog.
  3527 | D:5      | Entered Level 5 of the Dungeon
  3540 | D:5      | Found a staircase to the Ecumenical Temple.
  3582 | Temple   | Entered the Ecumenical Temple
  3944 | D:5      | Reached skill level 4 in Axes
  3967 | D:5      | Gained mutation: You have sharp fingernails. [demonic
                  | ancestry]
  3967 | D:5      | Reached XP level 6. HP: 19/47 MP: 6/6
  4332 | D:5      | Got a slimy scale mail
  4343 | D:5      | Identified the cursed +1 scale mail of Pleasant Breezes
                  | {MR+ Dex+4} (You found it on level 5 of the Dungeon)
  4434 | D:5      | Found a shadowy altar of Dithmenos.
  4742 | D:5      | Reached XP level 7. HP: 53/53 MP: 7/7
  4823 | D:6      | Reached skill level 5 in Axes
  5236 | D:6      | Found a glowing drain.
  5244 | Sewer    | Entered a sewer
  5343 | Sewer    | Found a white marble altar of Elyvilon.
  5624 | D:6      | Got a pitted scale mail
  5644 | D:6      | Identified the +3 scale mail "Qemica" {Int+4} (You found it
                  | on level 6 of the Dungeon)
  5713 | D:6      | Noticed Sigmund
  5715 | D:6      | Reached skill level 6 in Axes
  5723 | D:6      | Reached XP level 8. HP: 33/61 MP: 8/8
  5903 | D:6      | Killed Sigmund
  6068 | D:6      | Reached skill level 5 in Shields
  6212 | D:7      | Reached skill level 7 in Axes
  6253 | D:7      | Identified the +3 trident "Zoir" {pain, rElec Str+2 Int-5}
  6266 | D:7      | Slain by an orc warrior

Levels and vault maps discovered:
D:1:      wander_arrival_chamber, layout_rooms
D:2:      layout_basic, minivault_25, grunt_decor_mini_mirrors
D:3:      layout_loops_cross, marbit_many_paths
D:4:      layout_loops_corners, lemuel_round_altar, cheibriados_altar_1,
          nemelex_xobeh_ov_fountains_minmay, first_ration,
          yredelemnul_altar_generic
D:5:      layout_loops_ring, grunt_dithmenos_smoke, minmay_temple_entry_fiery,
          minmay_fractal_squares_gapless_5
D:6:      layout_cave_pools, kennysheep_mini_moat, lightli_sewer_entry_pipes,
          nemelex_dance_club_becter, uniq_sigmund
D:7:      layout_rooms, lemuel_crystal_altar, gup_ossuary_entry_pyramid,
          serial_shops, shop
Temple:   minmay_temple_curvy_branch

Skill      XL: |  1  2  3  4  5  6  7  8 |
---------------+-------------------------+-----
Axes           | 2 3 4 6 7 |  7.3
Armour         | 3 4 |  4.5
Shields        | 3 4 5 |  5.6
Dodging        | 1 2 3 |  3.0
Fighting       | 4 |  4.8
Stealth        | |  0.6

Action                   |  1- 3 |  4- 6 |  7- 9 || total
-------------------------+-------+-------+-------++-------
Melee: War axe           |   176 |   246 |   312 ||   734
  Use: Potion            |       |     1 |     1 ||     2
       Scroll            |       |       |    11 ||    11
  Eat: Chunk             |     5 |     8 |     6 ||    19
Armor: Scale mail        |    83 |    61 |   202 ||   346
       Chain mail        |       |    84 |       ||    84
Dodge: Dodged            |    88 |    92 |   246 ||   426
Block: Shield            |    85 |   111 |   261 ||   457

Table legend:
 A = Non-vault XP
 B = Vault XP
 C = Vault XP percentage of total XP
 D = Non-vault monster count
 E = Vault monster count
 F = Vault count percentage of total count
                 A         B        C        D         E       F
            +---------+---------+-------+---------+---------+-------
      Total |    2276 |     456 |  16.7 |     138 |      24 |  14.8
            +---------+---------+-------+---------+---------+-------
        D:1 |      51 |       0 |   0.0 |      33 |       0 |   0.0
        D:2 |      31 |       0 |   0.0 |      16 |       0 |   0.0
        D:3 |      26 |       2 |   7.1 |       6 |       1 |  14.3
        D:4 |     198 |       0 |   0.0 |      15 |       0 |   0.0
        D:5 |     469 |      33 |   6.6 |      25 |       1 |   3.8
        D:6 |     905 |     296 |  24.6 |      31 |      13 |  29.5
        D:7 |     596 |       0 |   0.0 |      12 |       0 |   0.0
      Sewer |       0 |     125 | 100.0 |       0 |       9 | 100.0
            +---------+---------+-------+---------+---------+-------
